 Dungeon Crawl Stone Soup version 0.31-a0-851-g7ff8af7976 (webtiles) character file.

Game seed: 7554097930214143084

114 javelincjr the Magician (level 4, -2/27 HPs)
             Began as an Octopode Hedge Wizard on Oct 6, 2023.
             Killed from afar by Ijyb (18 damage)
             ... with a bolt of light
             ... on level 3 of the Dungeon.
             The game lasted 00:07:38 (1996 turns).

javelincjr the Magician (Octopode Hedge Wizard)     Turns: 1996, Time: 00:07:39

Health: -2/27      AC:  1    Str:  9    XL:     4   Next: 97%
Magic:  2/9        EV: 13    Int: 18    God:
Gold:   113        SH:  0    Dex: 11    Spells: 5/10 levels left

rFire   . . .        e - +8 short sword "Worm's Wrath" {holy, Stlth+}
rCold   . . .        (no shield)
rNeg    + . .        b - +0 hat
rPois   .            (no amulet)
rElec   .            r - ring of positive energy
rCorr   .            (no ring)
SInv    .            (no ring)
Will    .....        (no ring)
Stlth   ++++         (no ring)
HPRegen 0.24/turn    (no ring)
MPRegen 0.11/turn    (no ring)
                     (no ring)

%: no passive effects
@: very slightly contaminated
A: almost no armour, amphibious, 8 rings, camouflage 1, gelatinous body 1,
(nimble swimmer 1), tentacles
a: no special abilities


You were on level 3 of the Dungeon.
You visited 1 branch of the dungeon, and saw 3 of its levels.

You collected 113 gold pieces.

Inventory:

Hand Weapons
 a - a +0 dagger
 e - the +8 short sword "Worm's Wrath" (weapon) {holy, Stlth+}
   (You found it on level 1 of the Dungeon)

   Stlth+:    It makes you more stealthy.
Missiles
 l - 6 boomerangs
 q - 5 curare-tipped darts
 t - 3 poisoned darts
Armour
 b - a +0 hat (worn)
Jewellery
 r - a ring of positive energy (left tentacle)
Scrolls
 f - 5 scrolls of identify {unknown}
 h - a scroll of amnesia {unknown}
 i - a scroll of immolation {unknown}
 j - 2 scrolls of enchant weapon {unknown}
 m - 4 scrolls of teleportation {unknown}
 n - a scroll of fog {unknown}
 o - 2 scrolls of poison {unknown}
 s - a scroll of revelation {unknown}
Potions
 c - 2 potions of magic
 d - a potion of attraction {unknown}
 g - 2 potions of lignification {unknown}
 k - a potion of curing {unknown}
 p - a potion of heal wounds {unknown}


   Skills:
 + Level 1.2 Short Blades
 + Level 2.5 Dodging
 + Level 3.5 Stealth
 * Level 3.6 Spellcasting
 + Level 1.5 Conjurations
 + Level 1.8 Summonings
 + Level 1.7 Translocations


You had 5 spell levels left.
You knew the following spells:

 Your Spells              Type           Power      Damage    Failure   Level
a - Magic Dart            Conj           32%        1d4       9%          1
b - Call Imp              Summ           20%        N/A       11%         2
c - Blink                 Tloc           18%        N/A       12%         2

Your spell library contained the following spells:

 Spells                   Type           Power      Damage    Failure   Level
 Apportation              Tloc           18%        N/A       8%          1
 Slow                     Hex            12%        N/A       16%         1
 Cigotuvi's Dreadful Rot  Necr/Pois/Air  6%         N/A       24%         2
 Jinxbite                 Hex            6%         N/A       24%         2
 Stone Arrow              Conj/Erth      12%        3d7       32%         3
 Mephitic Cloud           Conj/Pois/Air  5%         N/A       36%         3
 Alistair's Intoxication  Tmut/Pois      2%         N/A       99%         5
 Lehudib's Crystal Spear  Conj/Erth      3%         10d2      100%        8
 Animate Armour           Summ/Erth      Unusable   N/A       N/A         4

Dungeon Overview and Level Annotations

Branches:
Dungeon (3/15)

Altars:

Shops:
D:2 *

Annotations:
D:3 Ijyb


Innate Abilities, Weirdness & Mutations

You cannot wear most types of armour.
You are amphibious.
You can wear up to eight rings at the same time.
Your skin changes colour to match your surroundings (Stealth+).
Your rubbery body absorbs attacks. (AC +1, EV +1)
((You are camouflaged when in or above water. (Stealth+)))
You have tentacles for arms and can constrict up to eight enemies at once.


Message History

You constrict Natasha.
You kill Natasha!
Natasha yowls pathetically as she dies!
You feel sick.
You are no longer poisoned.
A frilled lizard comes into view.
The magic dart hits the frilled lizard.
You kill the frilled lizard!
You start resting.
Your cerulean imp disappears in a puff of smoke!
HP restored.
Magic restored.
You now have 113 gold pieces (gained 14).
j - 2 scrolls labelled JACSA USOLEL (gained 1)
Found an escape hatch in the ceiling.
Found an escape hatch in the floor.
An endoplasm and an orc come into view.
The magic dart hits the endoplasm.
The endoplasm is lightly wounded.
The endoplasm quivers.
Casting: Magic Dart (safe; 9% risk of failure)
Confirm with . or Enter, or press ? or * to list all spells.
A tiny devil pulls itself out of the air.
Your cerulean imp says, "I'm here!"
The magic dart hits the endoplasm.
The endoplasm is severely wounded.
You miscast Magic Dart.
You are very lightly contaminated with residual magic.
Nothing appears to happen.
The magic dart hits the endoplasm.
You kill the endoplasm!
You miscast Magic Dart.
Nothing appears to happen.
Ijyb zaps a wand.
The bolt of light hits you!
Your cerulean imp barely misses Ijyb.
Ijyb zaps a wand.
The bolt of light hits your cerulean imp!
Your cerulean imp is blinded.
The bolt of light hits you!!
Ouch! That really hurt!
You die...

.#. ... #
#...#####...## #.
###....#.......
##..###...##...##..#
..#.#..............#
..................####
.............†........
............†<..#
#o..$..@......#
#.............#
#.............#
#>.<.5........#
#...g..........#
..................
..####.########.....
.. :. #####. .. ..


You could see Ijyb (ally target), an orc and a friendly cerulean imp (summoned,
blind).

Vanquished Creatures
  Natasha (D:3)
  3 adders
  2 worms (D:2)
  2 dart slugs
  4 endoplasms
  5 giant cockroaches
  3 goblins
  4 hobgoblins (D:1)
  5 kobolds
  A quokka (D:2)
  6 ball pythons
  4 bats
  5 frilled lizards
  4 rats
49 creatures vanquished.

Vanquished Creatures (collateral kills)
  A dart slug (D:2)
  A frilled lizard (D:1)
2 creatures vanquished.

Grand Total: 51 creatures vanquished

Notes
Turn   | Place    | Note
-------+----------+-------------------------------------------
     0 | D:1      | javelincjr the Octopode Hedge Wizard began the quest for
                  | the Orb.
     0 | D:1      | Reached XP level 1. HP: 11/11 MP: 4/4
     0 | D:1      | Noticed a demonspawn zombie
    20 | D:1      | Noticed a minotaur zombie
   173 | D:1      | Identified the +8 short sword "Worm's Wrath" {holy, Stlth+}
   272 | D:1      | Reached XP level 2. HP: 17/17 MP: 6/6
   275 | D:1      | Learned a level 2 spell: Call Imp
   278 | D:1      | Learned a level 2 spell: Blink
   890 | D:1      | Reached XP level 3. HP: 18/21 MP: 7/7
  1243 | D:2      | Found Pil Jiwe's General Store.
  1305 | D:2      | Reached XP level 4. HP: 21/27 MP: 5/9
  1309 | D:2      | Reached skill level 1 in Short Blades
  1820 | D:3      | Noticed Ijyb
  1901 | D:3      | Noticed Natasha
  1910 | D:3      | Killed Natasha
  1996 | D:3      | Killed from afar by Ijyb

Illustrated notes

Levels and vault maps discovered:
D:1:      shiori_arrival_whats_in_store_for_you, layout_loops_corners,
          kennysheep_small_spiral
D:2:      layout_rooms, serial_shops, shop
D:3:      layout_rooms, trog_book, mainiacjoe_overflow_catch_the_wave,
          nicolae_twisty_statue_hallways, uniq_ijyb, uniq_natasha

Skill      XL: |  1  2  3  4 |
---------------+-------------+-----
Stealth        | 3 |  3.5
Short Blades   | 1 |  1.2
Dodging        | |  2.5
Spellcasting   | |  3.6
Conjurations   | |  1.5
Summonings     | |  1.8
Translocations | |  1.7

Action                     |  1- 3 |  4- 6 || total
---------------------------+-------+-------++-------
  Melee: Dagger            |    12 |       ||    12
         Short sword       |    35 |    19 ||    54
         Constrict         |     5 |     4 ||     9
         Tentacles         |     3 |     4 ||     7
         Punch             |     1 |     2 ||     3
   Cast: Magic Dart        |    33 |    16 ||    49
         Call Imp          |     1 |     5 ||     6
   Stab: Sleeping          |     4 |     3 ||     7
 Armour: Skin              |    16 |    12 ||    28
  Dodge: Dodged            |    37 |     8 ||    45

Table legend: (Time is in decaauts)
 A = Elapsed time spent in this place.
 B = Non-inter-level travel time spent in this place.
 C = Inter-level travel time spent in this place.
 D = Time resting spent in this place.
 E = Time spent auto-exploring this place.
 F = Levels seen in this place.
 G = Mean time per level.
                   A        B        C        D        E       F      G
               +--------+--------+--------+--------+--------+-----+--------+
         Total |   1993 |   1899 |     94 |     92 |   1509 |   3 |  664.3 |
       Dungeon |   1993 |   1899 |     94 |     92 |   1509 |   3 |  664.3 |
               +--------+--------+--------+--------+--------+-----+--------+

Top non-repeatable levels by time:
     D:1: 1194 daAuts
     D:2: 686 daAuts
     D:3: 112 daAuts
